[Event "Titled Tuesday Blitz August 15 Late 2023"]
[White "carokannlover213"]
[Black "Dinu, Dumitru-Daniel"]
[BlackFideId "1208403"]
[WhiteElo "2722"]
[BlackElo "2481"]
[Result "1-0"]
[Round "2"]
[TimeControl "180+1"]
[Date "2023.08.15"]
[WhiteClock "0:01:31"]
[BlackClock "0:00:38"]
[Board "63"]

1. e4 c5 2. Nf3 Nc6 3. d4 cxd4 4. Nxd4 Nf6 5. Nc3 e5 6. Ndb5 d6 7. Nd5 Nxd5 8. exd5 Nb8 9. a4 Be7 10. Bd2 O-O 11. Be2 f5 12. O-O Bf6 13. Bb4 Be7 14. a5 a6 15. Na3 f4 16. Nc4 Bf5 17. Bg4 Bg6 18. Nb6 Ra7 19. c4 Qe8 20. Nc8 Ra8 21. Nxd6 Bxd6 22. Bxd6 Rf6 23. Be6+ Rxe6 24. dxe6 Qxe6 25. Qd5 Qxd5 26. cxd5 Nd7 27. Rac1 Nf6 28. Bxe5 Nxd5 29. Rfd1 Bf7 30. Rc5 Nb4 31. Rc7 Nc6 32. Bxf4 Re8 33. h3 Nxa5 34. Rdd7 Bg6 35. Rxg7+ Kh8 36. Bd2 Nc6 37. Bc3 Ne5 38. Rge7 1-0


[Site "https://www.chess.com"]

[Event "Titled Tuesday Blitz August 15 Late 2023"]
[White "Lamaze, Simon"]
[Black "brm72"]
[WhiteFideId "36069264"]
[WhiteElo "2721"]
[BlackElo "2469"]
[Result "1-0"]
[Round "2"]
[TimeControl "180+1"]
[Date "2023.08.15"]
[WhiteClock "0:00:42"]
[BlackClock "0:00:07"]
[Board "64"]

1. c4 c5 2. Nf3 Nc6 3. Nc3 g6 4. e3 Nf6 5. d4 cxd4 6. exd4 d5 7. cxd5 Nxd5 8. Qb3 Nxc3 9. Bc4 Nd5 10. Bxd5 e6 11. Bxc6+ bxc6 12. O-O Qd5 13. Qc2 f6 14. Nd2 Kf7 15. Rd1 Bb7 16. Nc4 Rd8 17. Ne3 Qd6 18. b3 Be7 19. Bb2 c5 20. Rac1 cxd4 21. Rxd4 Qa6 22. Ra4 Qb6 23. Nc4 Qc6 24. f3 Kg7 25. Kh1 a6 26. Ra5 Rd7 27. h4 Rhd8 28. Qf2 Rd1+ 29. Rxd1 Rxd1+ 30. Kh2 Bb4 31. Rg5 Bd6+ 32. Nxd6 Qxd6+ 33. Rg3 Rd2 34. Qa7 Rxb2 35. Qxb7+ Kh6 36. h5 Rxa2 37. hxg6 hxg6 38. Qf7 g5 39. Qxf6+ Kh7 40. Qxg5 1-0


[Site "https://www.chess.com"]

[Event "Titled Tuesday Blitz August 15 Late 2023"]
[White "Arencibia Monduy, Antonio"]
[Black "Kuznetsov, Felix"]
[WhiteFideId "3507939"]
[BlackFideId "34147990"]
[WhiteElo "2467"]
[BlackElo "2718"]
[Result "1/2-1/2"]
[Round "2"]
[TimeControl "180+1"]
[Date "2023.08.15"]
[WhiteClock "0:00:15"]
[BlackClock "0:00:38"]
[Board "65"]

1. e4 c5 2. Nf3 Nc6 3. c3 d5 4. exd5 Qxd5 5. d4 Bg4 6. Be2 e6 7. O-O Nf6 8. Be3 cxd4 9. Nxd4 Bxe2 10. Qxe2 Nxd4 11. Bxd4 Be7 12. Rd1 Qc6 13. Nd2 O-O 14. Nf3 Rfd8 15. Rd2 Qe4 16. Qf1 Rd5 17. Rad1 a6 18. Bxf6 Bxf6 19. Rxd5 exd5 20. Qd3 Qxd3 21. Rxd3 Rd8 22. Kf1 Kf8 23. Ke2 Ke7 24. Re3+ Kd6 25. Kd3 b5 26. a3 Rc8 27. Nd4 g6 28. g3 Rc4 29. Nc2 Rc8 30. Rf3 Ke6 31. Nd4+ Bxd4 32. Kxd4 Rc4+ 33. Kd3 Re4 34. Re3 f5 35. f3 Rxe3+ 36. Kxe3 g5 37. f4 g4 38. Kd4 Kd6 39. b3 a5 40. b4 a4 41. Ke3 Kd7 42. Kd3 Ke6 43. Kd4 Kd6 44. Kd3 Kd7 45. Ke3 Ke6 46. Kd3 Kd7 47. Ke3 Ke6 48. Kd3 Kd7 1/2-1/2


[Site "https://www.chess.com"]

[Event "Titled Tuesday Blitz August 15 Late 2023"]
[White "Timmermans, Mark"]
[Black "Nathan, Nitish"]
[WhiteFideId "1026399"]
[BlackFideId "30927870"]
[WhiteElo "2717"]
[BlackElo "2455"]
[Result "0-1"]
[Round "2"]
[TimeControl "180+1"]
[Date "2023.08.15"]
[WhiteClock "0:00:39"]
[BlackClock "0:01:37"]
[Board "66"]

1. b4 d5 2. Bb2 Bf5 3. e3 e6 4. c4 c6 5. a4 Nf6 6. b5 Nbd7 7. Nf3 Bg6 8. Be2 Bd6 9. O-O O-O 10. d4 Ne4 11. Nc3 f5 12. Qb3 Bh5 13. Rad1 Bxf3 14. Bxf3 Kh8 15. Ba3 dxc4 16. Qb2 Bxa3 17. Qxa3 Ndf6 18. bxc6 bxc6 19. Nxe4 fxe4 20. Be2 Nd5 21. Bxc4 Rf6 22. Qc5 Rh6 23. Qxc6 Rc8 24. Qa6 e5 25. Qb7 Nc3 26. Bb3 Ne2+ 27. Kh1 Rxh2+ 28. Kxh2 Qh4# 0-1


[Site "https://www.chess.com"]

[Event "Titled Tuesday Blitz August 15 Late 2023"]
[White "Romero Ruscalleda, Josep"]
[Black "Gubajdullin, Alexei"]
[WhiteFideId "2231859"]
[BlackFideId "4141202"]
[WhiteElo "2445"]
[BlackElo "2715"]
[Result "1/2-1/2"]
[Round "2"]
[TimeControl "180+1"]
[Date "2023.08.15"]
[WhiteClock "0:01:27"]
[BlackClock "0:01:58"]
[Board "67"]

1. e4 g6 2. d4 d6 3. Nc3 a6 4. a4 Bg7 5. Nge2 Nf6 6. g3 O-O 7. Bg2 Nbd7 8. O-O c5 9. Bg5 cxd4 10. Nxd4 Ne5 11. Nd5 Nxd5 12. exd5 Bg4 13. f3 Nc4 14. fxg4 Nxb2 15. Qd2 h6 16. Bxh6 Nc4 17. Qd3 Nb2 18. Qd2 Nc4 19. Qd3 Nb2 20. Qd2 1/2-1/2


[Site "https://www.chess.com"]

[Event "Titled Tuesday Blitz August 15 Late 2023"]
[White "Matinian, Nikita"]
[Black "djathtaspogradec"]
[WhiteFideId "24129100"]
[WhiteElo "2714"]
[BlackElo "2445"]
[Result "1-0"]
[Round "2"]
[TimeControl "180+1"]
[Date "2023.08.15"]
[WhiteClock "0:00:10"]
[BlackClock "0:00:02"]
[Board "68"]

1. e4 e5 2. Nf3 Nc6 3. Bb5 a6 4. Ba4 Nf6 5. O-O Be7 6. d3 b5 7. Bb3 d6 8. a3 O-O 9. Nc3 Na5 10. Ba2 Be6 11. b4 Bxa2 12. Rxa2 Nc6 13. Bg5 Ng4 14. Bd2 Nf6 15. Nd5 Nxd5 16. exd5 Nb8 17. a4 Nd7 18. c4 Nb6 19. a5 Nd7 20. cxb5 axb5 21. Qb3 Qb8 22. Rc1 Qb7 23. Rac2 Rfc8 24. h4 h6 25. h5 Nf6 26. Rc6 Nxh5 27. g3 Nf6 28. Nh4 Bf8 29. Nf5 Ra6 30. Rxa6 Qxa6 31. Rc6 Qa8 32. f3 h5 33. Kg2 g6 34. Bg5 Nxd5 35. Qxd5 gxf5 36. Be3 Bg7 37. a6 Bf6 38. Qxb5 Kg7 39. Qb7 Bd8 40. Qxa8 Rxa8 41. b5 Kf6 42. d4 e4 43. Bf4 Ke6 44. Kf2 Kd5 45. fxe4+ fxe4 46. Ke3 Bf6 47. Rxc7 Bxd4+ 48. Ke2 Bc5 49. Be3 f5 50. Rb7 Bxe3 51. Kxe3 Kc5 52. a7 d5 53. b6 d4+ 54. Kf4 d3 55. Rb8 d2 56. Rxa8 d1=Q 57. Rc8+ Kxb6 58. a8=Q Qf3+ 59. Ke5 Qxg3+ 60. Ke6 Qb3+ 61. Qd5 Qb4 62. Rb8+ 1-0


[Site "https://www.chess.com"]

[Event "Titled Tuesday Blitz August 15 Late 2023"]
[White "Barp, Alberto"]
[Black "Rego, Pedro Filipe"]
[WhiteFideId "872555"]
[BlackFideId "1904310"]
[WhiteElo "2713"]
[BlackElo "2423"]
[Result "1-0"]
[Round "2"]
[TimeControl "180+1"]
[Date "2023.08.15"]
[WhiteClock "0:01:35"]
[BlackClock "0:00:17"]
[Board "69"]

1. d4 Nf6 2. Nf3 d5 3. c4 e6 4. Nc3 c5 5. cxd5 cxd4 6. Qxd4 exd5 7. e4 dxe4 8. Qxd8+ Kxd8 9. Ng5 Be6 10. Nxe6+ fxe6 11. Bd2 Nc6 12. O-O-O Be7 13. Bh6+ Ke8 14. Bxg7 Rg8 15. Bxf6 Bxf6 16. Nxe4 Bg5+ 17. Kb1 Rd8 18. Bb5 Ke7 19. Bxc6 bxc6 20. Rxd8 Kxd8 21. Rd1+ Kc7 22. Nc5 Rg6 23. b4 Kb6 24. Kc2 Be7 25. Nd7+ Kb5 26. g3 Bxb4 27. Kb3 c5 28. a4+ Ka5 29. Ne5 Rg7 30. Rd6 1-0


[Site "https://www.chess.com"]

[Event "Titled Tuesday Blitz August 15 Late 2023"]
[White "Baghdasaryan, Vahe"]
[Black "Khripachenko, Alexander"]
[WhiteFideId "13303139"]
[BlackFideId "54184975"]
[WhiteElo "2420"]
[BlackElo "2712"]
[Result "0-1"]
[Round "2"]
[TimeControl "180+1"]
[Date "2023.08.15"]
[WhiteClock "0:00:08"]
[BlackClock "0:01:54"]
[Board "70"]

1. e4 c5 2. c3 Nf6 3. e5 Nd5 4. Nf3 d6 5. d4 cxd4 6. cxd4 Nc6 7. Bc4 Nb6 8. Bb5 dxe5 9. Nxe5 Bd7 10. Nc3 e6 11. a4 Nxe5 12. dxe5 Bb4 13. Bxd7+ Qxd7 14. Qb3 Bxc3+ 15. bxc3 O-O 16. a5 Nd5 17. c4 Ne7 18. Ba3 Rfc8 19. O-O Ng6 20. Rfe1 Qc6 21. Rac1 Nh4 22. f3 Nf5 23. Re4 b6 24. axb6 axb6 25. c5 bxc5 26. Rxc5 Qa6 27. Rxc8+ Rxc8 28. g4 Nh4 29. Kf2 g5 30. Bb2 Qa5 31. Re2 Qc5+ 32. Qe3 Ng6 33. Qxc5 Rxc5 34. Kg3 Rd5 35. h3 h6 36. Re1 Rd3 37. Rc1 Nh4 38. Rc8+ Kg7 39. Rc3 Rd2 40. Bc1 Rg2# 0-1


[Site "https://www.chess.com"]

[Event "Titled Tuesday Blitz August 15 Late 2023"]
[White "Radivojevic, Ivan"]
[Black "Korchmar, Vasiliy"]
[WhiteFideId "928461"]
[BlackFideId "24131750"]
[WhiteElo "2411"]
[BlackElo "2707"]
[Result "1-0"]
[Round "2"]
[TimeControl "180+1"]
[Date "2023.08.15"]
[WhiteClock "0:00:10"]
[BlackClock "0:00:00"]
[Board "71"]

1. e4 c5 2. Nc3 d6 3. f4 Nc6 4. Nf3 e6 5. Bb5 Bd7 6. d3 Nf6 7. O-O a6 8. Bxc6 Bxc6 9. Qe1 Be7 10. f5 O-O 11. fxe6 fxe6 12. Qg3 Qd7 13. Bd2 Nh5 14. Qg4 Nf6 15. Qh3 e5 16. Qxd7 Nxd7 17. Ng5 h6 18. Ne6 Rxf1+ 19. Rxf1 Nf6 20. Nc7 Rc8 21. N7d5 Nxd5 22. Nxd5 Bxd5 23. exd5 c4 24. dxc4 Rxc4 25. Bc3 Re4 26. Rd1 Re2 27. Rd2 Re1+ 28. Kf2 Rh1 29. h3 Bh4+ 30. Ke2 Bg5 31. Rd1 Rxd1 32. Kxd1 Kf7 33. Ke2 e4 34. Bb4 Bf4 35. c4 b6 36. Bc3 g6 37. Bd4 b5 38. cxb5 axb5 39. a3 Ke7 40. b3 Kd7 41. a4 bxa4 42. bxa4 Kc7 43. a5 Kb7 44. Bb6 Ka6 45. g4 Kb5 46. h4 h5 47. gxh5 gxh5 48. Bc7 Ka6 49. Bb6 Kb7 50. Bd8 Ka6 51. Bc7 e3 52. Kf3 Kb5 53. Bd8 Ka6 54. Ke2 Bh6 55. Bg5 Bg7 56. Bxe3 Kxa5 57. Bf4 Bf8 58. Kd3 Kb5 59. Ke4 Kc4 60. Bg5 Bg7 61. Be7 Kc5 62. Bg5 Be5 63. Be7 Kc4 64. Bf8 Bg3 65. Be7 Kc5 66. Bg5 Kc4 67. Be3 Bxh4 68. Bf4 Be7 69. Bh2 h4 70. Bf4 h3 71. Kf3 1-0


[Site "https://www.chess.com"]

[Event "Titled Tuesday Blitz August 15 Late 2023"]
[White "Hua, Lefong"]
[Black "Tsotsonava, Elene"]
[WhiteFideId "2602253"]
[BlackFideId "13615939"]
[WhiteElo "2705"]
[BlackElo "2401"]
[Result "1-0"]
[Round "2"]
[TimeControl "180+1"]
[Date "2023.08.15"]
[WhiteClock "0:00:21"]
[BlackClock "0:00:04"]
[Board "72"]

1. d4 Nf6 2. c4 e6 3. Nc3 Bb4 4. f3 d5 5. a3 Bd6 6. e4 c5 7. e5 cxd4 8. exf6 dxc3 9. fxg7 Rg8 10. Qc2 Qh4+ 11. Qf2 Qxf2+ 12. Kxf2 Bc5+ 13. Ke1 cxb2 14. Bxb2 d4 15. f4 Rxg7 16. Rd1 Nc6 17. Nf3 Rg4 18. g3 e5 19. Bh3 Rg6 20. Bxc8 Rxc8 21. fxe5 Re6 22. Kd2 Nxe5 23. Nxe5 Rxe5 24. Rhe1 f6 25. Rxe5+ fxe5 26. Re1 Bd6 27. Bxd4 Rxc4 28. Bxe5 Kd7 29. Bxd6 Kxd6 30. Rb1 b6 31. Kd3 Ra4 32. Rb3 Kd5 33. h3 Rd4+ 34. Ke3 Re4+ 35. Kd3 Rd4+ 36. Ke3 Re4+ 37. Kf3 Rc4 38. g4 Kc5 39. g5 b5 40. Re3 a5 41. Re7 Rc3+ 42. Kg4 Rxa3 43. Rxh7 Re3 44. g6 Re8 45. g7 Rg8 46. Kf5 a4 47. Kg6 a3 48. Rh8 a2 49. Rxg8 a1=Q 50. Rc8+ Kb4 51. g8=Q Qg1+ 52. Kf5 Qf2+ 53. Ke4 Qe2+ 54. Kd4 Qd2+ 55. Ke5 Qe3+ 56. Kd6 Qd4+ 57. Qd5 Qf6+ 58. Qe6 Qd4+ 59. Ke7 Qg7+ 60. Kd8 Qd4+ 61. Kc7 Qc5+ 62. Kb7 Qd4 63. Qg4 Ka5 64. Qxd4 b4 65. Rc5+ Ka4 66. Rc4 Kb5 67. Rxb4+ Ka5 68. Qc5# 1-0


[Site "https://www.chess.com"]

[Event "Titled Tuesday Blitz August 15 Late 2023"]
[White "Srdanovic, Jovana"]
[Black "Papasimakopoulos, Alexandros"]
[WhiteFideId "954810"]
[BlackFideId "4244125"]
[WhiteElo "2392"]
[BlackElo "2703"]
[Result "0-1"]
[Round "2"]
[TimeControl "180+1"]
[Date "2023.08.15"]
[WhiteClock "0:00:00"]
[BlackClock "0:01:01"]
[Board "73"]

1. d4 e6 2. c4 d5 3. Nc3 a6 4. cxd5 exd5 5. Nf3 c6 6. Bf4 Bd6 7. Bxd6 Qxd6 8. e3 Bf5 9. Be2 Nf6 10. O-O Nbd7 11. a3 O-O 12. Rc1 Rfe8 13. Nd2 Re7 14. Na4 Rae8 15. b4 Nf8 16. Nc5 Bc8 17. a4 b5 18. Qb3 h5 19. axb5 axb5 20. Ra1 Ng4 21. Bxg4 hxg4 22. Ra8 g6 23. Rfa1 Kg7 24. Nf1 Nh7 25. R1a7 Rxa7 26. Rxa7 Ng5 27. Ng3 Re7 28. Qa3 Bf5 29. Rxe7 Qxe7 30. Qa8 Qf6 31. Na6 Ne4 32. Nc7 Bd7 33. Ne8+ Bxe8 34. Nxe4 dxe4 35. Qxe8 Qd6 36. Qxe4 Qxb4 37. h4 gxh3 38. gxh3 Qd6 39. Qc2 Qd5 40. Qd3 b4 41. e4 Qb5 42. Qb1 b3 43. Qb2 Kg8 44. Kg2 Qd3 45. Qa3 Qxe4+ 46. f3 Qc2+ 47. Kg3 b2 0-1


[Site "https://www.chess.com"]

[Event "Titled Tuesday Blitz August 15 Late 2023"]
[White "Volovich, Vasily"]
[Black "Polaczek, Richard"]
[WhiteFideId "34169676"]
[BlackFideId "200026"]
[WhiteElo "2701"]
[BlackElo "2371"]
[Result "1-0"]
[Round "2"]
[TimeControl "180+1"]
[Date "2023.08.15"]
[WhiteClock "0:00:10"]
[BlackClock "0:00:13"]
[Board "74"]

1. e4 Nf6 2. e5 Nd5 3. d4 d6 4. c4 Nb6 5. exd6 cxd6 6. Nf3 g6 7. h3 Bg7 8. Be2 O-O 9. O-O Nc6 10. Nc3 Bf5 11. Be3 d5 12. c5 Nc4 13. Bxc4 dxc4 14. d5 Nb4 15. Bg5 Bd3 16. Re1 Nxd5 17. Nxd5 Qxd5 18. Bxe7 Rfe8 19. Qd2 Be4 20. Rad1 Bxf3 21. Qxd5 Bxd5 22. Rxd5 Bxb2 23. Rd7 c3 24. Rxb7 Rac8 25. Kf1 a5 26. Bf6 Rxe1+ 27. Kxe1 h6 28. c6 g5 29. c7 Kh7 30. a4 Kg6 31. Bd4 Re8+ 32. Kd1 c2+ 33. Kxc2 Bxd4 34. Rb8 Be5 35. Rxe8 Bxc7 36. Kd3 Bh2 37. Ra8 h5 38. Rxa5 1-0


[Site "https://www.chess.com"]

[Event "Titled Tuesday Blitz August 15 Late 2023"]
[White "Gerbelli Neto, Eduardo"]
[Black "Dourerassou, Jonathan"]
[WhiteFideId "2103281"]
[BlackFideId "628050"]
[WhiteElo "2336"]
[BlackElo "2701"]
[Result "0-1"]
[Round "2"]
[TimeControl "180+1"]
[Date "2023.08.15"]
[WhiteClock "0:00:00"]
[BlackClock "0:00:29"]
[Board "75"]

1. e4 c5 2. Nc3 Nc6 3. f4 g6 4. Nf3 Bg7 5. Bc4 e6 6. f5 Nge7 7. fxe6 dxe6 8. d3 O-O 9. O-O Na5 10. Qe1 Nxc4 11. dxc4 Nc6 12. Bg5 f6 13. Be3 Nd4 14. Rd1 e5 15. Qd2 Bg4 16. Nd5 f5 17. Bg5 Qd7 18. c3 fxe4 19. cxd4 exf3 20. dxe5 f2+ 21. Rxf2 Rxf2 22. Kxf2 Qf5+ 23. Kg1 Qxe5 24. Re1 Qd4+ 25. Be3 Qxd2 26. Bxd2 Bxb2 27. Re7 Rf8 28. h3 Bd4+ 29. Kh2 Bf5 30. Bh6 Rd8 31. Rxb7 Be4 32. Rxa7 Be5+ 33. Kg1 Bxd5 34. cxd5 c4 35. Re7 Rxd5 36. Re8+ Kf7 37. Rc8 c3 38. Kf2 Ra5 39. Kf3 Rxa2 40. Rc5 Ke6 0-1


[Site "https://www.chess.com"]

[Event "Titled Tuesday Blitz August 15 Late 2023"]
[White "Djordjevic, Vuk"]
[Black "Boder, Jan"]
[WhiteFideId "902098"]
[BlackFideId "16243226"]
[WhiteElo "2698"]
[BlackElo "2319"]
[Result "1-0"]
[Round "2"]
[TimeControl "180+1"]
[Date "2023.08.15"]
[WhiteClock "0:01:20"]
[BlackClock "0:01:05"]
[Board "76"]

1. d4 Nf6 2. Bg5 c5 3. Bxf6 gxf6 4. d5 f5 5. c4 Bg7 6. Qc2 O-O 7. e3 d6 8. Bd3 e6 9. Nc3 Nd7 10. f4 Nf6 11. dxe6 fxe6 12. Nf3 Bd7 13. O-O Bc6 14. Rae1 Qb6 15. e4 fxe4 16. Nxe4 Nxe4 17. Bxe4 Bxe4 18. Qxe4 Qxb2 19. Qxe6+ Kh8 20. Ng5 Qf6 21. Qh3 h6 22. Re6 Qd4+ 23. Kh1 Rxf4 24. Rxh6+ Bxh6 25. Qxh6+ Kg8 26. Qh7+ Kf8 27. Rxf4+ Qxf4 28. Ne6+ Ke8 29. Nxf4 1-0


[Site "https://www.chess.com"]

[Event "Titled Tuesday Blitz August 15 Late 2023"]
[White "Szente Varga, Fruzsina"]
[Black "Bjelobrk, Igor"]
[WhiteFideId "712264"]
[BlackFideId "4300726"]
[WhiteElo "2314"]
[BlackElo "2672"]
[Result "1/2-1/2"]
[Round "2"]
[TimeControl "180+1"]
[Date "2023.08.15"]
[WhiteClock "0:00:11"]
[BlackClock "0:00:17"]
[Board "77"]

1. e4 e6 2. d4 d5 3. Nd2 c5 4. exd5 exd5 5. Bb5+ Nc6 6. Ngf3 cxd4 7. O-O Bd6 8. Nxd4 Bxh2+ 9. Kxh2 Qh4+ 10. Kg1 Qxd4 11. Bxc6+ bxc6 12. Re1+ Be6 13. c3 Qb6 14. Qg4 Nf6 15. Qxg7 Ke7 16. Nf3 Rag8 17. Rxe6+ Kxe6 18. Ng5+ Kf5 19. Qxf7 Rxg5 20. Bxg5 Kxg5 21. Qg7+ Kf5 22. Qxh8 Qxb2 23. Qc8+ Kg6 24. Re1 Qxc3 25. Re3 Qc1+ 26. Kh2 h5 27. Qe6 Kg7 28. Qe7+ Kg6 29. Qe6 Qa1 30. Rg3+ Kh6 31. Rf3 Kg6 32. Rg3+ Kh6 33. Rf3 Kg6 34. Rg3+ 1/2-1/2


[Site "https://www.chess.com"]

[Event "Titled Tuesday Blitz August 15 Late 2023"]
[White "Mikhailov, Viacheslav"]
[Black "Dr_Pepper18"]
[WhiteFideId "4187369"]
[WhiteElo "2663"]
[BlackElo "2310"]
[Result "1-0"]
[Round "2"]
[TimeControl "180+1"]
[Date "2023.08.15"]
[WhiteClock "0:01:23"]
[BlackClock "0:00:12"]
[Board "78"]

1. Nf3 Nf6 2. g3 g6 3. Bg2 Bg7 4. O-O O-O 5. c4 d6 6. Nc3 c5 7. d4 cxd4 8. Nxd4 a6 9. b3 Qc7 10. Bb2 Nc6 11. Rc1 Nxd4 12. Qxd4 Bd7 13. Qh4 Bc6 14. Rfd1 Rac8 15. Qd4 Ne4 16. Qxg7+ Kxg7 17. Nd5+ Kg8 18. Nxc7 Rxc7 19. Bd4 Ng5 20. Bb6 Rcc8 21. f3 Ne6 22. h4 Bd7 23. c5 Bb5 24. cxd6 exd6 25. Kf2 d5 26. f4 h5 27. Bxd5 Bc6 28. Bxc6 bxc6 29. Rd6 c5 30. Rc4 Rfe8 31. e3 Ng7 32. Rxc5 Rxc5 33. Bxc5 Nf5 34. Rxa6 Rc8 35. b4 Rd8 36. Bd4 Rc8 37. b5 Rc2+ 38. Ke1 Nxd4 39. exd4 1-0


[Site "https://www.chess.com"]

[Event "Titled Tuesday Blitz August 15 Late 2023"]
[White "Nefedov, Sergey"]
[Black "Bullen, Alex"]
[WhiteFideId "24113417"]
[BlackFideId "1801627"]
[WhiteElo "2645"]
[BlackElo "2309"]
[Result "1/2-1/2"]
[Round "2"]
[TimeControl "180+1"]
[Date "2023.08.15"]
[WhiteClock "0:00:30"]
[BlackClock "0:00:07"]
[Board "79"]

1. d4 d5 2. Nf3 Nf6 3. Bf4 c5 4. e3 Nc6 5. c3 Qb6 6. Qb3 c4 7. Qc2 Bf5 8. Qc1 e6 9. Nbd2 Be7 10. h3 h6 11. Be2 O-O 12. O-O Qd8 13. Bd1 b5 14. Bc2 Bxc2 15. Qxc2 a5 16. Ne5 Nxe5 17. dxe5 Nd7 18. e4 Nc5 19. exd5 Qxd5 20. Rad1 Qd3 21. Qc1 Qf5 22. Bg3 Rfd8 23. Nf3 Bg5 24. Nxg5 hxg5 25. Qe3 Nd3 26. b3 Rd5 27. Qb6 cxb3 28. axb3 a4 29. c4 bxc4 30. bxc4 Rda5 31. Ra1 Nxe5 32. Rfc1 Nd3 33. Rc3 Nf4 34. Kh2 Qe4 35. f3 Qe2 36. Bxf4 gxf4 37. c5 a3 38. Qb4 Qb2 39. Qxb2 axb2 40. Rb1 Rc8 41. Rxb2 Raxc5 42. Rxc5 Rxc5 43. h4 Kh7 44. Kh3 Kg6 45. Kg4 e5 46. Rb6+ f6 47. h5+ Kh6 48. Rb8 Kh7 49. Kf5 Rc2 50. h6 gxh6 51. Rb7+ Kg8 52. Kxf6 Rxg2 53. Kxe5 Rg7 54. Rb8+ Kh7 55. Kxf4 Rf7+ 56. Kg4 Kg6 57. f4 h5+ 58. Kg3 h4+ 59. Kg4 h3 60. Rh8 Rh7 61. Rxh7 Kxh7 62. Kxh3 Kg6 63. Kg4 Kf6 64. f5 Kf7 65. Kg5 Kg7 66. f6+ Kf7 67. Kf5 Kf8 68. Ke5 Kf7 69. Kf5 Kf8 70. Ke6 Ke8 71. Kd6 Kf7 72. Ke5 Kf8 73. Ke6 Ke8 74. f7+ Kf8 75. Kf6 1/2-1/2


[Site "https://www.chess.com"]

[Event "Titled Tuesday Blitz August 15 Late 2023"]
[White "SmirnovAlexandrA"]
[Black "Kula, Robert"]
[BlackFideId "1101218"]
[WhiteElo "2637"]
[BlackElo "2270"]
[Result "1-0"]
[Round "2"]
[TimeControl "180+1"]
[Date "2023.08.15"]
[WhiteClock "0:00:19"]
[BlackClock "0:00:00"]
[Board "80"]

1. e4 e5 2. d4 exd4 3. Qxd4 Nc6 4. Qe3 d6 5. Nc3 Nf6 6. Bd2 Be7 7. O-O-O O-O 8. h4 h6 9. Qg3 Kh8 10. f3 a6 11. Nge2 b5 12. Nf4 b4 13. Ncd5 Nxd5 14. Nxd5 a5 15. Kb1 Be6 16. Qf2 Bxd5 17. exd5 Ne5 18. g4 f5 19. g5 h5 20. f4 Ng4 21. Qd4 Kh7 22. b3 g6 23. Bc1 Rf7 24. Bb2 Qg8 25. Bb5 Bf8 26. Rhe1 Bg7 27. Qd2 Bxb2 28. Kxb2 Qg7+ 29. Kb1 Rb8 30. Bc6 Re7 31. Rxe7 Qxe7 32. Re1 Qg7 33. Re6 Rf8 34. Be8 Qc3 35. Qxc3 bxc3 36. Bxg6+ Kg7 37. Bxh5 Nf2 38. Re7+ Kg8 39. Bg6 Nh3 40. Rxc7 Nxf4 41. Bh7+ Kh8 42. g6 Re8 43. Rxc3 Nxd5 44. Rf3 f4 45. c4 Nb4 46. a3 Re1+ 47. Kb2 Re2+ 48. Kc3 Na2+ 49. Kd4 Rd2+ 50. Ke4 Kg7 51. Rxf4 Nc3+ 52. Ke3 Rd1 53. Rf7+ Kh6 54. Ra7 a4 55. bxa4 d5 56. cxd5 Nxd5+ 57. Ke2 Nc3+ 58. Kf2 Ne4+ 59. Ke3 Re1+ 60. Kf4 Nf6 61. Rf7 Nd5+ 62. Kf3 Re3+ 63. Kf2 Rxa3 64. h5 Ne3 65. Rf3 Nd1+ 66. Kg3 Rxa4 67. Bg8 1-0


[Site "https://www.chess.com"]

[Event "Titled Tuesday Blitz August 15 Late 2023"]
[White "Ehlvest, Jaan"]
[Black "Kovacevic, Radmila"]
[WhiteFideId "4500016"]
[BlackFideId "933171"]
[WhiteElo "2633"]
[BlackElo "2231"]
[Result "1-0"]
[Round "2"]
[TimeControl "180+1"]
[Date "2023.08.15"]
[WhiteClock "0:01:46"]
[BlackClock "0:00:54"]
[Board "81"]

1. e4 e5 2. Nc3 Nf6 3. g3 d5 4. exd5 Nxd5 5. Bg2 Nxc3 6. bxc3 Bc5 7. Rb1 O-O 8. Nf3 e4 9. Nd4 Re8 10. O-O Qg5 11. d3 e3 12. Bxe3 Rxe3 13. fxe3 Qxe3+ 14. Kh1 Bxd4 15. Re1 Nd7 16. Rxe3 Bxe3 17. Qe2 Bc5 18. Qe8+ Bf8 19. Bd5 1-0


[Site "https://www.chess.com"]

[Event "Titled Tuesday Blitz August 15 Late 2023"]
[White "Delorme, Laurie"]
[Black "Sivakumar, Shaaketh"]
[WhiteFideId "630829"]
[BlackFideId "30940176"]
[WhiteElo "1933"]
[BlackElo "2626"]
[Result "1-0"]
[Round "2"]
[TimeControl "180+1"]
[Date "2023.08.15"]
[WhiteClock "0:00:13"]
[BlackClock "0:00:44"]
[Board "82"]

1. e4 e6 2. d4 d5 3. Nc3 Bb4 4. e5 Ne7 5. Qg4 Kf8 6. Nf3 b6 7. h4 h5 8. Qf4 Ba6 9. Bd2 Nf5 10. a3 Bxc3 11. bxc3 Bxf1 12. Kxf1 Qd7 13. a4 c5 14. g3 Nc6 15. Kg2 Rc8 16. Rhe1 Na5 17. Re2 Nc4 18. Be3 Ncxe3+ 19. fxe3 cxd4 20. Nxd4 Nxd4 21. cxd4 Rc7 22. Rf2 Ke8 23. Qg5 Rh7 24. a5 b5 25. Raf1 Qe7 26. Qf4 Rh8 27. a6 Kd8 28. Qxf7 Qxf7 29. Rxf7 Rxc2+ 30. Kh3 Rc7 31. g4 hxg4+ 32. Kxg4 Re8 33. Rxc7 Kxc7 34. Rf7+ Kb6 35. Rxg7 Kxa6 36. h5 b4 37. h6 b3 38. Kh5 Kb6 39. h7 b2 40. Rg1 Rc8 41. Kh6 a5 42. Rb1 Kb5 43. Rxb2+ Ka4 44. Rb7 Ka3 45. Kg7 a4 46. h8=Q Rxh8 47. Kxh8 Ka2 48. Kg7 a3 49. Kf6 Ka1 50. Kxe6 a2 51. Ra7 Kb2 52. Kxd5 a1=Q 53. Rxa1 Kxa1 54. e6 Kb2 55. e7 Kc3 56. e8=Q Kd3 57. e4 Ke2 58. e5 Kf3 59. e6 Ke3 60. e7 Kd3 61. Qf7 Ke3 62. e8=Q+ Kd3 63. Qf3+ Kc2 64. Qee2+ Kc1 65. Qff1# 1-0


[Site "https://www.chess.com"]

[Event "Titled Tuesday Blitz August 15 Late 2023"]
[White "Sarana, Alexey"]
[Black "Martin Barcelo, Carles"]
[WhiteFideId "24133795"]
[BlackFideId "24561444"]
[WhiteElo "3075"]
[BlackElo "2497"]
[Result "0-1"]
[Round "2"]
[TimeControl "180+1"]
[Date "2023.08.15"]
[WhiteClock "0:02:02"]
[BlackClock "0:00:19"]
[Board "83"]

1. e4 e6 2. d4 d5 3. Nc3 dxe4 4. Nxe4 Nd7 5. Nf3 Ngf6 6. Ng3 c5 7. Bc4 a6 8. a4 b6 9. O-O Bb7 10. Re1 Be7 11. Bg5 h6 12. Bf4 O-O 13. c3 Nd5 14. Bd2 Bd6 15. Ne4 Be7 16. dxc5 Nxc5 17. Nxc5 Bxc5 18. Ne5 Qf6 19. Qe2 Rfd8 20. Ng4 Qg6 21. Bd3 Nf4 22. Bxg6 Nxe2+ 23. Rxe2 fxg6 24. Be3 Bd5 25. Bxc5 bxc5 26. Ne5 g5 27. f3 Rab8 28. a5 Kf8 29. Kf2 Ke7 30. Kg3 Kf6 31. Rae1 h5 32. h4 gxh4+ 33. Kxh4 g5+ 34. Kxh5 Kf5 35. g4+ Kf6 36. Nf7 Rh8+ 37. Nh6 Rxh6+ 38. Kxh6 Rh8# 0-1


[Site "https://www.chess.com"]

[Event "Titled Tuesday Blitz August 15 Late 2023"]
[White "MrAnnihilation"]
[Black "Moskalenko, Alexander"]
[BlackFideId "4155351"]
[WhiteElo "2428"]
[BlackElo "2886"]
[Result "0-1"]
[Round "2"]
[TimeControl "180+1"]
[Date "2023.08.15"]
[WhiteClock "0:00:06"]
[BlackClock "0:00:30"]
[Board "84"]

1. e4 c5 2. Nf3 Nf6 3. e5 Nd5 4. Nc3 Nxc3 5. dxc3 e6 6. Bd3 Nc6 7. Bf4 Qc7 8. Qe2 h6 9. h4 b6 10. h5 Bb7 11. O-O-O a6 12. g4 b5 13. Bg3 c4 14. Be4 Ne7 15. Rd6 Nd5 16. Rxd5 exd5 17. Bf5 Qb6 18. Nd4 b4 19. Re1 Bc5 20. e6 dxe6 21. Bxe6 fxe6 22. Nxe6 Kf7 23. Nxc5 Rhe8 24. Qf3+ Kg8 25. Rxe8+ Rxe8 26. Nd7 bxc3 27. bxc3 d4 28. Qf5 Qc6 29. Ne5 Qh1+ 30. Kd2 dxc3+ 31. Kxc3 Qe1+ 32. Kd4 Qd2+ 33. Kc5 Rc8+ 34. Kb6 Qd6+ 35. Ka5 Rc5+ 36. Kb4 Rxe5+ 0-1


[Site "https://www.chess.com"]